AoeStats
← Polar_Op

Nomad

510345682Analyzed
2v2 RM · 2d ago on Sep 30, 2026· 45m 42s· 4 players
Game mode
Random Map
Map size
176×176
Population
200
Speed
Normal
Resources
Standard
Victory
Conquest
Starting age
Dark Age
Ending age
Imperial Age
RankedLock teamsTeams togetherTeam positionsShared explorationLock speedFull tech treeHidden civsTurbo modeCheats
Victory
Defeat
🇮🇳 Huns · India
878
+15
🇮🇳 Vikings · India
840
+17
🇦🇺 Koreans · Australia
858
-40
🇦🇺 Aztecs · Australia
858
-40
Polar_Op
15:16 Feudal Age
15:50 Horse Collar
16:23 Fishing Lines
20:16 Double-Bit Axe
24:52 Castle Age
23:10 Fletching
25:34 Wheelbarrow
24:46 Town Watch
24:49 Loom
24:57 Crossbowman
25:04 Crossbowman
25:51 Thumb Ring
25:53 Bodkin Arrow
32:09 Gillnets
36:44 Bow Saw
Jihad Herbie
16:42 Feudal Age
27:49 Castle Age
28:29 Double-Bit Axe
28:29 Horse Collar
28:57 Fishing Lines
29:14 Eagle Warrior
30:46 Pikeman
31:43 Squires
37:10 Scale Mail Armor
37:20 Forging
striker
8:43 Loom
14:17 Feudal Age
19:20 Castle Age
18:24 Stone Mining
21:43 Double-Bit Axe
23:41 Bloodlines
23:33 Husbandry
23:46 Forging
23:26 Horse Collar
26:53 Scale Barding Armor
27:52 Gold Mining
28:36 Thumb Ring
28:29 Fletching
29:25 Heavy Plow
30:02 Bow Saw
31:49 Gold Shaft Mining
32:20 Iron Casting
32:07 Chain Barding Armor
33:49 Bodkin Arrow
36:43 Imperial Age
35:02 Padded Archer Armor
35:58 Marauders
38:21 Elite Tarkan
43:28 Blast Furnace
42:55 Masonry
Man in mission
4:24 Loom
14:14 Feudal Age
15:22 Double-Bit Axe
17:49 Horse Collar
21:42 Castle Age
20:11 Town Watch
20:19 Fletching
20:51 Padded Archer Armor
20:52 Gold Mining
22:24 Crossbowman
23:30 Bow Saw
24:46 Gold Shaft Mining
27:41 Stone Mining
28:25 Leather Archer Armor
28:54 Bodkin Arrow
29:25 Elite Skirmisher
30:47 Town Patrol
32:27 Ballistics
37:25 Imperial Age
35:16 Murder Holes
36:09 Forging
36:05 Scale Barding Armor
36:00 Scale Mail Armor
37:01 Pikeman
37:42 Squires
37:03 Man-at-Arms
38:16 Heavy Plow
38:15 Arbalester
39:35 Hoardings
40:09 Conscription
40:23 Masonry
41:23 Bracer
41:59 Iron Casting
43:50 Chemistry
42:58 Siege Engineers
44:02 Crop Rotation
45:57 Architecture
Connection lost

Rejoining the realm…

Still unreachable

The connection could not be restored.

Session expired

The server has moved on; the page needs a fresh start.